 Dungeon Crawl Stone Soup version 0.26-a0-597-gb535b0901c (webtiles) character file.

Game seed: 5195262824552190375

613 vurker the Chiller (level 7, -12/45 HPs)
             Began as a Halfling Ice Elementalist on Sept 14, 2020.
             Was an Initiate of Vehumet.
             Mangled by an ice beast (14 damage)
             ... on level 4 of the Dungeon.
             The game lasted 00:05:58 (4796 turns).

vurker the Chiller (Halfling Ice Elementalist)      Turns: 4796, Time: 00:05:58

Health: -12/45     AC:  3    Str:  9    XL:     7   Next: 73%
Magic:  7/13       EV: 15    Int: 15    God:    Vehumet [......]
Gold:   162        SH:  0    Dex: 15    Spells: 2/14 levels left

rFire    . . .     SeeInvis .   f - +2 dagger (speed)
rCold    . . .     Faith    .   (shield restricted)
rNeg     . . .     Spirit   .   a - +0 robe
rPois    .         Reflect  .   g - +0 helmet
rElec    .         Harm     .   (no cloak)
rCorr    .                      (no gloves)
MR       .....                  (no boots)
Stlth    ++........             (no amulet)
HPRegen  0.15/turn              (no ring)
MPRegen  0.13/turn              (no ring)

@: no status effects
A: small, mutation resistance 1
a: Renounce Religion


You were on level 4 of the Dungeon.
You worshipped Vehumet.
Vehumet was noncommittal.
You visited 2 branches of the dungeon, and saw 6 of its levels.

You collected 162 gold pieces.

Inventory:

Hand Weapons
 f - a +2 dagger of speed (weapon)
   (You took it off a kobold on level 2 of the Dungeon)
Armour
 a - a +0 robe (worn)
 g - a +0 helmet (worn)
   (You took it off Robin on level 2 of the Dungeon)
Wands
 d - a wand of iceblast (19)
   (You took it off Ijyb on level 3 of the Dungeon)
Scrolls
 b - 6 scrolls of identify {unknown}
 c - 2 scrolls of amnesia {unknown}
 e - a scroll of fog {unknown}
 h - a scroll of teleportation {unknown}
 i - 2 scrolls of blinking {unknown}
 m - a scroll of enchant armour {unknown}
 n - a scroll of fear {unknown}
Potions
 j - a potion of magic {unknown}
 k - a potion of heal wounds {unknown}
 l - 2 potions of curing {unknown}


   Skills:
 + Level 2.9 Fighting
 - Level 2.1 Dodging
 - Level 2.1 Stealth
 * Level 4.0 Spellcasting
 * Level 6.3 Ice Magic


You had 2 spell levels left.
You knew the following spells:

 Your Spells              Type           Power        Failure   Level
a - Freeze                Ice            ###.         1%          1
b - Frozen Ramparts       Ice            ###...       4%          3
c - Hailstorm             Conj/Ice       ##......     43%         4
d - Summon Ice Beast      Ice/Summ       ##......     43%         4

Your spell library contained the following spells:

 Spells                   Type           Power        Failure   Level
 Ozocubu's Armour         Ice            ###.....     4%          3


Dungeon Overview and Level Annotations

Branches:
Dungeon (5/15)             Temple (1/1) D:4

Altars:
Ashenzari
Dithmenos
Elyvilon
Fedhas
Gozag
Hepliaklqana
Kikubaaqudgha
Makhleb
Nemelex Xobeh
Okawaru
Qazlal
Ru
Sif Muna
Trog
Uskayaw
Vehumet
Wu Jian
Xom
Yredelemnul
Zin
The Shining One


Innate Abilities, Weirdness & Mutations

You are small and have problems with some larger weapons.
You are somewhat resistant to further mutation.


Message History

The ice beast hits your ice beast. The ice beast freezes your ice beast.
Your ice beast completely resists.
Your ice beast closely misses the ice beast.
The ice beast hits your ice beast. The ice beast freezes your ice beast.
Your ice beast completely resists.
Your ice beast hits the ice beast but does no damage.
The ice beast hits your ice beast. The ice beast freezes your ice beast.
Your ice beast completely resists.
Your ice beast hits the ice beast but does no damage.
The ice beast hits your ice beast. The ice beast freezes your ice beast.
Your ice beast completely resists.
The spell is extremely dangerous to cast (43% risk of failure)!
Continue anyway?
You miscast Summon Ice Beast.
You are very lightly contaminated with residual magic.
A fistful of eyes flickers past your view.
A nameless horror comes into view.
Your ice beast hits the ice beast.
Your ice beast freezes the ice beast.
The ice beast completely resists.
The ice beast hits your ice beast. The ice beast freezes your ice beast.
Your ice beast completely resists.
Your ice beast hits the ice beast but does no damage.
The ice beast completely misses you.
Your ice beast barely misses the ice beast.
Your ice beast hits the ice beast but does no damage.
The ice beast hits you.
* * * LOW HITPOINT WARNING * * *
The ice beast freezes you!
* * * LOW HITPOINT WARNING * * *
Your ice beast hits the ice beast but does no damage.
Send 'em back where they came from!
Your ice beast disappears in a puff of smoke!
Your magical contamination has completely faded away.
You see here an arrow.
You see here an arrow.
You see here an arrow.
There is a stone staircase leading up here.
The ice beast closely misses you.
You climb upwards.
There is a stone staircase leading down here.
Found 8 gold pieces.
The spell is extremely dangerous to cast (43% risk of failure)!
Continue anyway?
A chill wind blows around you. The ice beast hits you.
* * * LOW HITPOINT WARNING * * *
The ice beast freezes you!
* * * LOW HITPOINT WARNING * * *
You see here 8 gold pieces.
You hit the ice beast but do no damage. The ice beast hits you.
* * * LOW HITPOINT WARNING * * *
The ice beast freezes you!
You die...

###..#.# .....#.#
####.#.# #.#.# #.#.#
#...# ##..#
#####.>#############.#
..............YY@....#
######################


You could see an ice beast and a friendly ice beast (summoned).

Vanquished Creatures
  An ogre (D:4)
  2 centaurs (D:5)
  A scorpion (D:4)
  A bullfrog zombie (D:5)
  A bullfrog skeleton (D:4)
  2 orc priests
  Ijyb (D:3)
  Terence (D:2)
  A worker ant (D:4)
  Robin (D:2)
  3 adders
  An ooze (D:3)
  A dart slug (D:3)
  2 leopard geckos
  10 orcs
  3 ball pythons
  3 bats
  A giant cockroach (D:2)
  19 goblins
  13 hobgoblins
  2 jackals (D:1)
  A quokka (D:3)
  A frilled lizard (D:3)
  7 kobolds
  A leopard gecko zombie (D:5)
  A quokka skeleton (D:4)
  4 rats
85 creatures vanquished.

Notes
Turn   | Place    | Note
-------+----------+-------------------------------------------
     0 | D:1      | vurker the Halfling Ice Elementalist began the quest for
                  | the Orb.
     0 | D:1      | Reached XP level 1. HP: 11/11 MP: 3/3
   219 | D:1      | Reached XP level 2. HP: 17/17 MP: 0/4
  1113 | D:2      | You fall into a shaft and drop 2 floors!
  1127 | D:4      | Reached XP level 3. HP: 22/22 MP: 3/6
  1142 | D:4      | Learned a level 3 spell: Frozen Ramparts
  1189 | D:4      | Noticed an ogre
  1190 | D:4      | Noticed a scorpion
  1205 | D:4      | Killed a scorpion
  1205 | D:4      | Reached skill level 1 in Fighting
  1205 | D:4      | Reached XP level 4. HP: 10/28 MP: 0/7
  1213 | D:3      | Found a blossoming altar of Fedhas.
  1562 | D:2      | Noticed Robin
  1570 | D:2      | Killed Robin
  1570 | D:2      | Reached XP level 5. HP: 32/33 MP: 3/8
  1727 | D:2      | Noticed Terence
  1737 | D:2      | Killed Terence
  1737 | D:2      | Reached skill level 5 in Ice Magic
  2518 | D:2      | Learned a level 4 spell: Hailstorm
  2883 | D:3      | Noticed Ijyb
  2891 | D:3      | Killed Ijyb
  2891 | D:3      | Reached XP level 6. HP: 23/39 MP: 2/10
  3825 | D:4      | Killed an ogre
  3825 | D:4      | Reached XP level 7. HP: 45/45 MP: 5/12
  4032 | D:3      | Learned a level 4 spell: Summon Ice Beast
  4050 | D:4      | Found a staircase to the Ecumenical Temple.
  4056 | Temple   | Entered the Ecumenical Temple
  4163 | Temple   | Became a worshipper of Vehumet
  4319 | D:5      | Entered Level 5 of the Dungeon
  4331 | D:5      | Reached skill level 6 in Ice Magic
  4724 | D:5      | Noticed a nameless horror
  4796 | D:4      | HP: 2/45 [ice beast (3)]
  4796 | D:4      | Mangled by an ice beast

Illustrated notes

Levels and vault maps discovered:
D:1:      dpeg_arrival_castle, layout_basic
D:2:      layout_basic, minmay_misc_feat_hallway, uniq_robin, uniq_terence
D:3:      corexii_shack_village, layout_basic, fedhas_altar_2, uniq_ijyb
D:4:      layout_basic, minmay_temple_entry_hall
D:5:      layout_basic, serial_shops, shop, uniq_eustachio
Temple:   kilobyte_greek_temple

Skill      XL: |  1  2  3  4  5  6  7 |
---------------+----------------------+-----
Spellcasting   | 2 3 4 |  4.0
Fighting       | 1 2 |  2.9
Ice Magic      | 5 6 |  6.3
Dodging        | |  2.1
Stealth        | |  2.1

Action                   |  1- 3 |  4- 6 |  7- 9 || total
-------------------------+-------+-------+-------++-------
Melee: Unarmed           |     5 |       |       ||     5
       Dagger            |       |    47 |    30 ||    77
 Cast: Freeze            |    25 |    45 |    12 ||    82
       Frozen Ramparts   |     1 |    15 |     1 ||    17
       Summon Ice Beast  |       |       |     2 ||     2
 Stab: Sleeping          |       |     2 |     2 ||     4
Armor: Robe              |     1 |     9 |       ||    10
Dodge: Dodged            |    24 |    55 |    29 ||   108

Table legend: (Time is in decaauts)
 A = Elapsed time spent in this place.
 B = Non-inter-level travel time spent in this place.
 C = Inter-level travel time spent in this place.
 D = Time resting spent in this place.
 E = Time spent auto-exploring this place.
 F = Levels seen in this place.
 G = Mean time per level.
                   A        B        C        D        E       F      G
               +--------+--------+--------+--------+--------+-----+--------+
         Total |   4776 |   4619 |    157 |    259 |   3619 |   6 |  796.0 |
       Dungeon |   4626 |   4510 |    116 |    259 |   3528 |   5 |  925.2 |
        Temple |    149 |    108 |     41 |      0 |     91 |   1 |  149.0 |
               +--------+--------+--------+--------+--------+-----+--------+

Top non-repeatable levels by time:
     D:3: 1483 daAuts
     D:2: 1127 daAuts
     D:1: 1082 daAuts
     D:4: 473 daAuts
     D:5: 459 daAuts
  Temple: 149 daAuts
